Map: Orbital Shipyard

Players

Miszu - Winner!

  • Race: Terran Terran
  • League: Master

IIIIIIIIIIII

  • Race: Terran Terran
  • League: Master

VOD

Have the link to the VOD?

Description

Time

  • Played on: March 22, 2016, 3:50 p.m.
  • Length: 8:57
Show
View Real Time Build Order
Export as new Build Order

Miszu Terran - Winner!

Build Orders: 1/1/1, MMM Bio, Banshee Rush 

Get SALT Encoding   

  12  0:01  SCV  
  13  0:13  SCV  
  14  0:17  Supply Depot  
  14  0:25  SCV  
  15  0:32  Refinery  
  15  0:39  SCV  
  16  0:46  Barracks  
  16  0:51  SCV  
  17  1:03  Refinery, SCV  
  18  1:15  SCV  
  19  1:27  SCV  
  20  1:34  Factory  
  20  1:39  Orbital Command  
  20  1:42  Reaper  
  20  1:45  Supply Depot  
  21  2:05  SCV  
  22  2:14  Reaper  
  23  2:19  Starport, Hellion  
  23  2:20  SCV  
  26  2:24  Supply Depot  
  26  2:33  SCV  
  27  2:41  Hellion  
  29  2:45  SCV  
  29  2:50  Barracks Tech Lab  
  30  2:57  SCV  
  31  3:09  SCV  
  32  3:14  Factory Reactor  
  32  3:17  Cloaking Field, Banshee  
  35  3:21  SCV  
  36  3:31  Command Center  
  36  3:32  Barracks Reactor, Factory Tech Lab  
  36  3:33  SCV  
  37  3:46  SCV  
  38  3:57  Command Center  
  38  4:05  SCV  
  39  4:14  Supply Depot  
  39  4:15  Banshee  
  43  4:20  SCV  
  43  4:27  Barracks x2  
  43  4:32  SCV  
  44  4:41  Siege Tank  
  47  4:48  Orbital Command  
  47  4:52  SCV  
  48  5:04  SCV  
  49  5:07  Starport Reactor  
  49  5:08  Marine  
  49  5:09  Orbital Command  
  50  5:15  Barracks Tech Lab, SCV  
  50  5:16  SCV  
  52  5:26  Engineering Bay  
  52  5:27  SCV  
  53  5:28  SCV  
  53  5:29  Engineering Bay  
  54  5:47  SCV x2  
  54  5:48  SCV  
  54  5:58  Marine x3  
  54  5:59  SCV  
  54  6:00  Stimpack, Combat Shields  
  54  6:01  SCV  
  54  6:02  Terran Infantry Weapons Level 1, Terran Infantry Armor Level 1  
  54  6:03  SCV  
  54  6:04  Refinery x2  
  60  6:10  Marine  
  60  6:11  SCV  
  62  6:13  Medivac x2, SCV, Orbital Command  
  62  6:16  Marine x3  
  67  6:23  Siege Tank  
  70  6:27  SCV x2  
  70  6:28  Marine, Barracks  
  70  6:29  Barracks  
  73  6:34  Marine x2  
  73  6:39  SCV x2  
  77  6:40  Supply Depot, SCV  
  77  6:41  Supply Depot  
  77  6:44  Marine  
  77  6:46  Marine  
  80  6:51  SCV x2  
  80  6:52  Marine  
  80  6:53  Marine, Missile Turret  
  84  7:02  Marine, Siege Tank  
  84  7:03  SCV x2  
  84  7:04  SCV  
  84  7:08  Supply Depot  
  91  7:09  Supply Depot  
  91  7:15  SCV x2  
  91  7:16  Marine, SCV  
  91  7:17  Barracks Reactor x2  
  91  7:21  Missile Turret  
  91  7:22  Marine  
  96  7:23  Marine x2  
  96  7:26  Medivac  
  100  7:30  Supply Depot  
  100  7:31  Refinery  
  100  7:33  Refinery  
  100  7:34  Reaper  
  100  7:35  Medivac, Siege Tank  
  107  7:37  SCV  
  107  7:42  Factory, Armory  
  107  7:44  SCV  
  107  7:45  Supply Depot  
  107  7:48  Marine x2  
  110  7:53  Supply Depot  
  110  7:54  Marine  
  110  7:55  Marine x2  
  110  7:56  Marine x2  
  115  8:02  SCV x3  
  118  8:06  Marine x3  
  118  8:08  Medivac  
  118  8:09  Medivac  
  118  8:11  Siege Tank  
  118  8:12  Marine x2  
  129  8:14  SCV x2  
  129  8:16  Supply Depot  
  108  8:34  Marine  
  108  8:35  Marine x7  
Show
View Real Time Build Order
Export as new Build Order

IIIIIIIIIIII Terran 

Build Orders: Reaper Expand, MMM Bio 

Get SALT Encoding   

  12  0:03  SCV  
  13  0:15  SCV  
  13  0:19  Supply Depot  
  14  0:27  SCV  
  15  0:41  SCV  
  16  0:43  Barracks  
  16  0:45  Refinery  
  16  0:53  SCV  
  17  1:05  SCV  
  18  1:17  SCV  
  19  1:29  Orbital Command  
  19  1:30  Reaper  
  20  1:45  Command Center  
  20  1:57  SCV  
  20  1:59  Supply Depot  
  21  2:02  Marine  
  22  2:09  SCV  
  22  2:14  Factory  
  23  2:19  Refinery  
  23  2:24  Marine  
  23  2:29  SCV  
  25  2:41  Marine, SCV  
  27  2:53  SCV  
  28  2:59  Starport, Factory Tech Lab, Orbital Command  
  28  3:03  Marine  
  29  3:15  SCV  
  30  3:20  Cyclone  
  30  3:21  Marine  
  34  3:28  Engineering Bay, SCV x2  
  36  3:35  Supply Depot  
  36  3:36  Viking  
  36  3:40  SCV  
  39  3:42  SCV  
  40  3:51  Marine  
  40  3:52  SCV  
  40  3:54  SCV  
  43  4:00  Siege Tank  
  43  4:02  Supply Depot  
  46  4:04  SCV  
  46  4:05  Missile Turret  
  46  4:07  Missile Turret  
  47  4:14  Barracks Reactor, Missile Turret  
  47  4:20  Starport Reactor  
  47  4:24  Viking  
  47  4:25  SCV x2  
  51  4:37  SCV  
  51  4:38  SCV  
  53  4:39  Supply Depot  
  52  4:50  Barracks, SCV x2  
  52  4:51  Barracks  
  54  4:53  Marine x2  
  54  4:58  Siege Tank  
  59  5:01  Starport Reactor  
  59  5:02  SCV  
  59  5:04  SCV  
  61  5:09  Refinery  
  61  5:12  Supply Depot  
  61  5:14  SCV  
  61  5:17  Marine, SCV  
  61  5:18  Marine  
  65  5:22  Terran Infantry Weapons Level 1  
  65  5:24  Supply Depot  
  65  5:26  SCV  
  66  5:29  SCV  
  66  5:32  Refinery  
  67  5:36  Marine x2  
  67  5:38  Barracks Tech Lab x2  
  67  5:39  SCV  
  67  5:41  SCV  
  70  5:56  SCV x2  
  71  5:57  Marine x2  
  71  5:58  Combat Shields  
  71  5:59  Stimpack  
  71  6:01  Marine x2  
  74  6:09  Barracks x2  
  74  6:14  SCV x2  
  74  6:15  Marine x2  
  78  6:23  Marine x2  
  78  6:25  Siege Tank  
  83  6:29  Supply Depot  
  83  6:30  Supply Depot x2  
  83  6:32  Marine  
  83  6:33  Marine  
  85  6:41  Marine  
  86  6:51  Marine x3, Medivac x2  
  93  6:56  Supply Depot, Barracks Reactor  
  93  6:57  Supply Depot, Barracks Reactor  
  93  6:59  Supply Depot, Marine  
  94  7:06  Siege Tank  
  97  7:08  Marine x3  
  97  7:09  Supply Depot x2  
  100  7:17  Marine  
  100  7:21  Medivac  
  103  7:26  Marine x3  
  106  7:34  Marine  
  107  7:38  Siege Tank  
  107  7:41  Marine x4  
  114  7:44  Marine x3, Medivac  
  67  7:51  Medivac  
  119  7:53  Marine  
  122  7:59  Marine x4  
  122  8:02  Marine x3  
  129  8:07  Supply Depot  
  129  8:08  Supply Depot  
  129  8:10  Marine, Siege Tank  
  132  8:16  Marine x2  
  132  8:17  Marine x2  
  136  8:26  Marine  
  136  8:27  Marine  
Tags
 
Add a new tag
Caveats
  • Supply blocks, unpowered buildings, or Contaminate may cause inaccurate times.
  • Supply counts are checked every 10 seconds.